 Seeded DCSS version 0.29.1-15-g9cfb28693d (webtiles) character file.

Game seed: 9529714651559989746 (custom seed)

34064 Psyclone the Thaumaturge (level 13, -6/78 HPs)
             Began as a Deep Elf Fire Elementalist on Sept 21, 2023.
             Was an Initiate of Gozag.
             Mangled by a cane toad (14 damage)
             ... on level 2 of the Lair of Beasts on Sept 22, 2023.
             The game lasted 01:22:05 (20884 turns).

Psyclone the Thaumaturge (DEFE)                    Turns: 20884, Time: 01:22:06

Health: -6/78      AC:  9    Str:  9    XL:     13   Next: 40%
Magic:  32/32      EV: 16    Int: 30    God:    Gozag
Gold:   1793       SH:  0    Dex: 15    Spells: 10/38 levels left

rFire   + . .      SeeInvis +   b - +6 rapier of the Maze {speed, rCorr SInv}
rCold   + + +      Faith    .   (no shield)
rNeg    . . .      Spirit   .   v - +4 skin of Zhor {*Englaciate rC+++ SInv}
rPois   +          Reflect  .   W - +1 hat of Oshruan Zabu {rPois Str+4 Int+4}
rElec   .          Harm     .   M - +0 cloak
rCorr   +          Rampage  .   d - +0 pair of gloves
Will    +....      Archmagi +   (no boots)
Stlth   ++........              R - amulet of the acrobat
HPRegen 0.23/turn               T - ring of the Mage {Wiz Archmagi}
MPRegen 0.23/turn               S - ring of protection from fire

@: lethally poisoned (-6 -> -8), gold aura
A: no striking features
a: Renounce Religion, Potion Petition, Call Merchant, Bribe Branch


You were on level 2 of the Lair of Beasts.
You worshipped Gozag.
Gozag was most pleased with you.
You visited 3 branches of the dungeon, and saw 14 of its levels.
You also visited: Ossuary, Gauntlet and Volcano.

You collected 4124 gold pieces.
You spent 918 gold pieces at shops.
You paid 1413 gold pieces to Gozag.

Inventory:

Hand Weapons
 b - the +6 rapier of the Maze (weapon) {speed, rCorr SInv}
   (You found it on level 2 of the Lair of Beasts)

   Attacks with this weapon are significantly faster.
   SInv:      It lets you see invisible.
   rCorr:     It protects you from acid and corrosion.
 X - the +6 mace of Ypiorram {vorpal, rN++}
   (You found it in a Gauntlet)

   It inflicts extra damage upon your enemies.
   rN:        It greatly protects you from negative energy.
 Y - a +2 dagger of venom
Missiles
 E - 4 curare-tipped darts
Armour
 d - a +0 pair of gloves (worn)
 v - the +4 skin of Zhor (worn) {*Englaciate rC+++ SInv}
   (You found it on level 2 of the Lair of Beasts)

   It radiates cold, occasionally slowing all nearby creatures who are not
   resistant to cold.
   rC:        It renders you almost immune to cold.
   SInv:      It lets you see invisible.
 J - a +2 helmet of intelligence
 M - a +0 cloak (worn)
 W - the +1 hat of Oshruan Zabu (worn) {rPois Str+4 Int+4}
   (You found it in a Gauntlet)

   Str:       It affects your strength (+4).
   Int:       It affects your intelligence (+4).
   rPois:     It protects you from poison.
Magical Staves
 a - a staff of fire
Jewellery
 j - the ring "Pekimmom" {rCorr Int+6}
   (You acquired it on level 4 of the Dungeon)

   [ring of intelligence]

   Int:       It affects your intelligence (+6).
   rCorr:     It protects you from acid and corrosion.
 G - the ring of Kiuxt {rElec Int+6 Stlth+}
   (You acquired it on level 6 of the Dungeon)

   [ring of intelligence]

   Int:       It affects your intelligence (+6).
   rElec:     It insulates you from electricity.
   Stlth:     It makes you more stealthy.
 R - an amulet of the acrobat (around neck)
 S - a ring of protection from fire (right hand)
 T - the ring of the Mage (left hand) {Wiz Archmagi}
   (You bought it in a shop on level 10 of the Dungeon)

   [ring of wizardry]

   It improves your spell success rate.
   Archmagi:  It increases the power of your magical spells.
Wands
 A - a wand of roots (12)
 C - a wand of charming (39)
 D - a wand of quicksilver (25)
 L - a wand of polymorph (22)
 Q - a wand of flame (18)
 V - a wand of digging (4)
 Z - a wand of mindburst (4)
Scrolls
 c - 4 scrolls of identify {@r1}
 g - a scroll of summoning
 h - 7 scrolls of poison {unknown}
 i - 3 scrolls of noise {unknown}
 k - 6 scrolls of fear {unknown}
 l - 3 scrolls of magic mapping
 q - 4 scrolls of immolation {unknown}
 u - 6 scrolls of teleportation
 y - 5 scrolls of vulnerability {unknown}
 F - a scroll of enchant armour
 I - 2 scrolls of enchant weapon
 K - 2 scrolls of amnesia
 N - a scroll of blinking
Potions
 e - a potion of magic
 f - 6 potions of degeneration {unknown}
 m - 3 potions of curing
 n - 2 potions of lignification {unknown}
 o - 2 potions of might {unknown}
 p - 4 potions of flight {unknown}
 r - a potion of heal wounds
 s - 4 potions of attraction {unknown}
 t - 5 potions of ambrosia {unknown}
 w - a potion of mutation {unknown}
 x - 3 potions of brilliance {unknown}
 z - 2 potions of haste {unknown}
 B - a potion of berserk rage
 O - a potion of resistance
 P - a potion of invisibility
Miscellaneous
 H - a phantom mirror
 U - a piece from Xom's chessboard (15/15)


   Skills:
 - Level 8.0 Fighting
 - Level 8.0 Dodging
 - Level 2.4 Stealth
 + Level 13.1 Spellcasting
 - Level 12.0 Conjurations
 - Level 6.0 Translocations
 - Level 6.0 Transmutations
 - Level 12.0 Fire Magic
 - Level 6.0 Poison Magic


You had 10 spell levels left.
You knew the following spells:

 Your Spells              Type           Power      Damage    Failure   Level
a - Poisonous Vapours     Pois/Air       100%       N/A       1%          2
b - Scorch                Fire           100%       2d10      1%          2
c - Conjure Flame         Conj/Fire      95%        6-21      1%          3
d - Lesser Beckoning      Tloc           70%        N/A       1%          3
e - Irradiate             Conj/Tmut      42%        3d25      1%          5
q - Blink                 Tloc           100%       N/A       1%          2
r - Swiftness             Air            29%        N/A       3%          3
s - Ignite Poison         Fire/Tmut/Pois 80%        N/A       1%          3
v - Foxfire               Conj/Fire      100%       2x1d9     0%          1
x - Olgreb's Toxic Radia  Pois           70%        N/A       1%          4

Your spell library contained the following spells:

 Spells                   Type           Power      Damage    Failure   Level
 Magic Dart               Conj           100%       1d8       0%          1
 Shock                    Conj/Air       100%       1d9       1%          1
 Sting                    Tmut/Pois      100%       1d8       1%          1
 Searing Ray              Conj           100%       2d8       1%          2
 Inner Flame              Hex/Fire       70%        N/A       1%          3
 Portal Projectile        Hex/Tloc       100%       N/A       1%          3
 Spider Form              Tmut/Pois      70%        N/A       1%          3
 Flame Wave               Conj/Fire      95%        2d20      1%          4
 Fulminant Prism          Conj/Hex       35%        3d18      1%          4
 Sticky Flame             Conj/Fire      95%        2d10      1%          4
 Blade Hands              Tmut           35%        N/A       2%          5
 Manifold Assault         Tloc           70%        N/A       2%          5
 Tukima's Dance           Hex            29%        N/A       3%          3
 Airstrike                Air            14%        2d(3-19)  11%         4
 Storm Form               Tmut/Air       27%        N/A       91%         7


Dungeon Overview and Level Annotations

Branches:
Dungeon (11/15) Zot: 25804  Temple (1/1) D:4 Zot: 5883    Lair (2/5) D:11 Zot: 8889
Ossuary (visited)         Volcano (visited)         Gauntlet (visited)
  Swamp: Lair:2-3    Shoals: Lair:2-3     Snake: Lair:2-3    Spider: Lair:2-3
    Orc: D:9-12

Altars:
Ashenzari
Cheibriados
Dithmenos
Elyvilon
Fedhas
Gozag
Hepliaklqana
Kikubaaqudgha
Makhleb
Nemelex Xobeh
Okawaru
Qazlal
Ru
Sif Muna
Trog
Uskayaw
Vehumet
Wu Jian
Xom
Yredelemnul
Zin
The Shining One

Shops:
D:1 *   D:4 *   D:10 =

Annotations:
D:3 3 runed translucent doors, coffeetime's ghost, amateur GnWr
D:4 Dowan; Duvessa


Message History

You are poisoned.
The cane toad poisons you!
The bullfrog hits you but does no damage.
You take 8 damage, and have 67/78 hp.
You hit the bullfrog.
The bullfrog is heavily wounded.
You feel very sick. The bullfrog barely misses you. The cane toad stings you.
The bullfrog hits you but does no damage.
The cane toad stings you.
You take 10 damage, and have 57/78 hp.
Your hands tingle!
b - the +6 rapier of the Maze (weapon)
{speed, rCorr SInv} You feel sick.
You take 2 damage, and have 55/78 hp.
You puncture the bullfrog!
You kill the bullfrog!
You feel sick. The cane toad barely misses you.
You take 2 damage, and have 53/78 hp.
You barely miss the cane toad.
You feel sick. The cane toad closely misses you.
You take 1 damage, and have 52/78 hp.
MP restored: 32 You hit the cane toad.
The cane toad is lightly wounded.
You feel sick. The cane toad stings you.
You take 7 damage, and have 45/78 hp.
You puncture the cane toad!
The cane toad is heavily wounded.
You feel sick. The cane toad stings you!!
You take 20 damage, and have 25/78 hp.
MASSIVE DAMAGE!!
You puncture the cane toad!
The cane toad is severely wounded.
You feel sick. The cane toad stings you!
* * * LOW HITPOINT WARNING * * *
You take 16 damage, and have 9/78 hp.
MASSIVE DAMAGE!!
You hit the cane toad.
The cane toad is severely wounded.
You feel sick. The cane toad stings you!
You die...
Your body crumbles into a pile of gold.

.# *,,*****,,,,,,**
## *,,,*,#........*
###*,,,,,........#*
..#,,,,,,.........*
###*,,,,,........###
# *,,,,,..........*
# **,,,,,...,.....**
##*,,,,,,....*#F$#*
.#*,,,,,,....##.@#
P#**,,,,,.....#..#
####.........#...# #
#..............#
###..............#
.###.........##..##
.............##...#
.............##..##
.P##..............#


You could see a cane toad.

Vanquished Creatures
  Gastronok (D:8)
  A stone giant (Volcano)
  A minotaur (Gauntlet)
  A spark wasp (shapeshifter) (Gauntlet)
  Josephine (D:10)
  2 hydras
  A two-headed ogre (D:11)
  Erica (D:8)
  5 death yaks (Lair:1)
  Urug (D:10)
  Nergalle (D:11)
  Sonja (D:10)
  Amaemon (Lair:2)
  A glowing orange brain (Gauntlet)
  Pikel (D:6)
  A lindwurm (Lair:2)
  3 cyclopes
  A moth of wrath (Gauntlet)
  2 ugly things (Gauntlet)
  Joseph (Lair:1)
  Maurice (D:9)
  An orange demon (Lair:2)
  3 black mambas
  Psyche (D:9)
  2 gargoyles
  2 cane toads (Lair:1)
  3 rime drakes (Lair:2)
  A torpor snail (Lair:2)
  A kobold demonologist (D:9)
  5 komodo dragons
  An unseen horror (D:11)
  An efreet (Volcano)
  A hornet (D:9)
  A troll (D:9)
  8 polar bears (Lair:1)
  3 blink frogs (Lair:2)
  Prince Ribbit (D:5)
  Sigmund (D:2)
  A shadow (D:11)
  7 yaks
  10 wraiths
  A fire elemental (Volcano)
  6 fire bats (Volcano)
  A wyvern (D:10)
  3 steam dragons (D:7)
  2 acid dragons
  3 water moccasins (Lair:1)
  2 orc warriors (D:9)
  2 sky beasts (D:7)
  8 black bears
  4 centaurs
  9 wolves
  2 phantoms
  4 lemures (D:6)
  3 kobold brigands
  Blork the orc (D:6)
  7 bullfrogs
  A gnoll sergeant (D:8)
  A scorpion (D:5)
  3 earth elementals (Volcano)
  3 wights (Ossuary)
  8 killer bees (D:9)
  4 howler monkeys
  4 lava snakes (Volcano)
  5 hounds
  5 jellies
  4 orc priests
  6 orc wizards
  Natasha (thrice) (D:2)
  An iguana (D:7)
  4 hell rats (Lair:1)
  7 gnolls
  10 adders
  A shadow imp (D:6)
  A white imp (D:6)
  An ufetubus (D:4)
  3 worms
  2 dart slugs (D:1)
  17 orcs
  7 bats
  5 endoplasms
  4 giant cockroaches
  5 goblins
  7 hobgoblins
  4 jackals (D:1)
  25 kobolds
  6 quokkas
  7 ball pythons
  2 ball python skeletons (Ossuary)
  4 frilled lizards
  2 kobold zombies (Ossuary)
  An orc skeleton (Ossuary)
  2 orc zombies (Ossuary)
  10 rats
  A butterfly (Lair:1)
327 creatures vanquished.

Vanquished Creatures (others)
  A demonic plant (Gauntlet)
  509 foxfires
  9 fungi
  7 plants
526 creatures vanquished.

Grand Total: 853 creatures vanquished

Notes
Turn   | Place    | Note
-------+----------+-------------------------------------------
     0 | D:1      | Psyclone the Deep Elf Fire Elementalist began the quest for
                  | the Orb.
     0 | D:1      | Reached XP level 1. HP: 10/10 MP: 6/6
   259 | D:1      | Reached XP level 2. HP: 15/15 MP: 5/8
   620 | D:1      | Found Balubi's Assorted Antiques.
   679 | D:1      | Reached XP level 3. HP: 11/19 MP: 1/9
  1223 | D:1      | Reached skill level 5 in Fire Magic
  1600 | D:2      | Noticed Sigmund
  1614 | D:2      | Killed Sigmund
  1615 | D:2      | Reached XP level 4. HP: 10/24 MP: 3/10
  1615 | D:2      | Reached XP level 5. HP: 12/28 MP: 3/11
  2057 | D:2      | Noticed Natasha
  2065 | D:2      | Killed Natasha
  2129 | D:2      | Found a faded altar of an unknown god.
  2246 | D:2      | Noticed Natasha
  2257 | D:2      | Killed Natasha
  2258 | D:2      | Reached XP level 6. HP: 7/32 MP: 8/12
  2906 | D:2      | Noticed Natasha
  2910 | D:2      | Killed Natasha
  3064 | D:2      | Learned a level 3 spell: Conjure Flame
  3520 | D:3      | Found a runed translucent gate.
  3520 | D:3      | Found a runed translucent gate.
  3521 | D:3      | Found a runed translucent gate.
  3525 | D:3      | Noticed coffeetime's ghost (amateur GnWr)
  3528 | D:3      | Identified the +4 mace of Wamoudyde {distort, rN+}
  3528 | D:3      | Identified the +2 scale mail "Ypug" {rF+ Stlth+}
  3912 | D:3      | Identified the +6 short sword "Ivotuko" {vorpal, *Noise rF+
                  | Int+2 SInv}
  4185 | D:4      | Reached skill level 4 in Spellcasting
  4365 | D:4      | Found a staircase to the Ecumenical Temple.
  4413 | Temple   | Entered the Ecumenical Temple
  4522 | Temple   | Became a worshipper of Gozag Ym Sagoz the Greedy
  4615 | D:4      | Noticed Duvessa
  4615 | D:4      | Noticed Dowan
  4829 | D:4      | Reached skill level 5 in Spellcasting
  5107 | D:4      | Identified 4 scrolls of acquirement
  5107 | D:4      | Acquired a staff of fire
  5110 | D:4      | Acquired the ring "Pekimmom" {rCorr Int+6}
  5111 | D:4      | Acquired 1076 gold pieces
  5112 | D:4      | Acquired an Everburning Encyclopedia
  5119 | D:4      | Learned a level 2 spell: Poisonous Vapours
  5123 | D:4      | Learned a level 3 spell: Ignite Poison
  5128 | D:4      | Learned a level 4 spell: Olgreb's Toxic Radiance
  5142 | D:5      | Entered Level 5 of the Dungeon
  5156 | D:5      | Reached skill level 1 in Poison Magic
  5156 | D:5      | Reached XP level 7. HP: 36/36 MP: 10/16
  5351 | D:5      | Learned a level 2 spell: Scorch
  5442 | D:5      | Found a sand-covered staircase.
  5503 | Ossuary  | Entered an ossuary
  6153 | Ossuary  | Noticed a wraith
  6153 | Ossuary  | Noticed a flying skull
  6161 | Ossuary  | Noticed a flying skull
  6163 | Ossuary  | Noticed a wraith
  6171 | Ossuary  | Noticed a flying skull
  6171 | Ossuary  | Noticed a flying skull
  6171 | Ossuary  | Noticed a flying skull
  6202 | Ossuary  | Killed a wraith
  6389 | Ossuary  | Reached skill level 5 in Poison Magic
  6524 | Ossuary  | Noticed a wraith
  6537 | Ossuary  | Killed a wraith
  6538 | Ossuary  | Reached XP level 8. HP: 20/42 MP: 15/17
  6918 | D:5      | Reached skill level 1 in Fighting
  7037 | D:5      | Noticed Prince Ribbit
  7042 | D:5      | Killed Prince Ribbit
  7219 | D:5      | Reached skill level 5 in Dodging
  7420 | D:5      | You fall into a shaft and drop 2 floors!
  7765 | D:7      | Reached XP level 9. HP: 52/52 MP: 14/18
  8631 | D:7      | Reached skill level 5 in Fighting
  9107 | D:6      | Noticed Pikel
  9112 | D:6      | Killed Pikel
  9126 | D:6      | Acquired the ring of Kiuxt {rElec Int+6 Stlth+}
  9791 | D:6      | Noticed Blork the orc
  9794 | D:6      | Killed Blork the orc
 10332 | D:5      | Found a hide-covered altar of Uskayaw.
 10333 | D:5      | Found a shadowy altar of Dithmenos.
 10334 | D:5      | Found a blossoming altar of Fedhas.
 10335 | D:5      | Found an ancient bone altar of Kikubaaqudgha.
 10338 | D:5      | Found a hazy altar of Hepliaklqana.
 10338 | D:5      | Found a white marble altar of Elyvilon.
 10339 | D:5      | Found a glowing silver altar of Zin.
 10790 | D:8      | Noticed Gastronok
 10796 | D:8      | Killed Gastronok
 10797 | D:8      | Reached XP level 10. HP: 64/64 MP: 4/20
 10960 | D:8      | Learned a level 2 spell: Blink
 10964 | D:8      | Learned a level 3 spell: Lesser Beckoning
 11069 | D:8      | Found a stormy altar of Qazlal.
 11130 | D:8      | Reached skill level 1 in Translocations
 11130 | D:8      | Reached skill level 1 in Transmutations
 11194 | D:8      | Reached skill level 6 in Spellcasting
 11315 | D:8      | Noticed Erica
 11318 | D:8      | Killed Erica
 11319 | D:8      | Reached skill level 7 in Spellcasting
 11706 | D:9      | Noticed Maurice
 11712 | D:9      | Killed Maurice
 11779 | D:9      | Noticed a cyclops
 11782 | D:9      | Killed a cyclops
 12068 | D:9      | Reached skill level 8 in Spellcasting
 12171 | D:9      | Noticed Psyche
 12179 | D:9      | Killed Psyche
 12420 | D:9      | Reached skill level 5 in Translocations
 12420 | D:9      | Reached skill level 5 in Transmutations
 12424 | D:9      | Reached XP level 11. HP: 55/68 MP: 3/25
 13106 | D:10     | Entered Level 10 of the Dungeon
 13128 | D:10     | Bought the ring of the Mage {Wiz Archmagi} for 918 gold
                  | pieces
 13128 | D:10     | Found the ring of the Mage {Wiz Archmagi}
 13226 | D:10     | Reached skill level 9 in Spellcasting
 13306 | D:10     | Noticed Josephine
 13309 | D:10     | Killed Josephine
 13544 | D:10     | Reached skill level 10 in Spellcasting
 13608 | D:10     | Noticed Sonja
 13611 | D:10     | Killed Sonja
 13763 | D:10     | Reached skill level 11 in Spellcasting
 14107 | D:10     | Noticed Urug
 14109 | D:10     | Killed Urug
 14312 | D:11     | Reached skill level 12 in Spellcasting
 14436 | D:11     | Found a sacrificial altar of Ru.
 14522 | D:11     | Noticed Nergalle
 14527 | D:11     | Killed Nergalle
 14533 | D:11     | Found a gate leading to a gauntlet.
 14542 | Gauntlet | Entered a Gauntlet
 14542 | Gauntlet | Found a transporter.
 14551 | Gauntlet | Found a transporter.
 14567 | Gauntlet | Found a transporter.
 14569 | Gauntlet | Found a transporter.
 14573 | Gauntlet | Noticed a glowing orange brain
 14578 | Gauntlet | Noticed a white ugly thing
 14579 | Gauntlet | Noticed a green ugly thing
 14580 | Gauntlet | Found a transporter.
 14595 | Gauntlet | Noticed a hell hog
 14596 | Gauntlet | Found a transporter.
 14603 | Gauntlet | Noticed a death drake
 14606 | Gauntlet | Found a transporter.
 14616 | Gauntlet | Found a transporter.
 14630 | Gauntlet | Found a transporter.
 14634 | Gauntlet | Noticed a catoblepas
 14639 | Gauntlet | Found a transporter.
 14643 | Gauntlet | Found a transporter.
 14654 | Gauntlet | Found a transporter.
 14654 | Gauntlet | Noticed an orb spider
 14713 | Gauntlet | Found a transporter.
 14715 | Gauntlet | Found a transporter.
 14726 | Gauntlet | Noticed a glowing orange brain
 14735 | Gauntlet | a glowing orange brain changed into a slime creature
 14738 | Gauntlet | Noticed a spark wasp
 14738 | Gauntlet | a slime creature changed into a spark wasp
 14822 | Gauntlet | Killed a spark wasp
 14823 | Gauntlet | Reached skill level 5 in Conjurations
 15146 | Gauntlet | Learned a level 3 spell: Swiftness
 15152 | Gauntlet | Identified the +1 hat of Oshruan Zabu {rPois Str+4 Int+4}
 15157 | Gauntlet | Killed a white ugly thing
 15160 | Gauntlet | Killed a green ugly thing
 15164 | Gauntlet | Killed a glowing orange brain
 15165 | Gauntlet | Reached XP level 12. HP: 31/73 MP: 11/30
 15169 | Gauntlet | Identified the +6 mace of Ypiorram {vorpal, rN++}
 15382 | Gauntlet | Noticed a minotaur
 15388 | Gauntlet | Killed a minotaur
 16309 | D:11     | Found a staircase to the Lair.
 16377 | D:11     | Noticed a two-headed ogre
 16408 | D:11     | Killed a two-headed ogre
 16581 | Lair:1   | Entered Level 1 of the Lair of Beasts
 16601 | Lair:1   | Noticed an eight-headed hydra
 16610 | Lair:1   | HP: 3/73 [eight-headed hydra (5)]
 16611 | Lair:1   | Killed an eight-headed hydra
 16613 | Lair:1   | HP: 1/73 [wolf (8)]
 16786 | Lair:1   | Reached skill level 10 in Fire Magic
 17090 | Lair:1   | Noticed a death yak
 17090 | Lair:1   | Noticed a death yak
 17091 | Lair:1   | Noticed a death yak
 17093 | Lair:1   | Noticed a death yak
 17094 | Lair:1   | Noticed a death yak
 17096 | Lair:1   | Killed a death yak
 17097 | Lair:1   | Killed a death yak
 17097 | Lair:1   | Killed a death yak
 17100 | Lair:1   | Killed a death yak
 17100 | Lair:1   | Killed a death yak
 17101 | Lair:1   | Reached skill level 10 in Conjurations
 17547 | Lair:1   | Noticed Joseph
 17594 | Lair:1   | Killed Joseph
 18240 | Lair:1   | Got the Parchment of Shapeshifting
 18247 | Lair:1   | Learned a level 5 spell: Irradiate
 18614 | Lair:2   | Noticed Amaemon
 18620 | Lair:2   | Killed Amaemon
 18621 | Lair:2   | Reached XP level 13. HP: 50/78 MP: 12/31
 18745 | Lair:2   | Found a dark tunnel.
 18789 | Volcano  | Entered a volcano
 19178 | Volcano  | Noticed a stone giant
 19185 | Volcano  | Killed a stone giant
 19567 | Volcano  | Found a radiant altar of Vehumet.
 19889 | Volcano  | Found a burning altar of Makhleb.
 20310 | Lair:2   | Found the +4 skin of Zhor {*Englaciate rC+++ SInv}
 20437 | Lair:2   | Identified the +6 rapier of the Maze {speed, rCorr SInv}
 20548 | Lair:2   | Reached skill level 13 in Spellcasting
 20884 | Lair:2   | Mangled by a cane toad

Illustrated notes

Levels and vault maps discovered:
D:1:      minmay_arrival_four_circles, layout_basic, serial_shops,
          nicolae_shop_trees, nicolae_eternal_life, st_stairs_1,
          minmay_small_reverse_x
D:2:      layout_rooms, hellmonk_ecumenical_altar_zigzags, serial_corexii_hall,
          chequers_hall_statues_y, corexii_hall_statues_l, uniq_natasha,
          uniq_sigmund
D:3:      layout_basic, biasface_ghost_orc_armoury
D:4:      layout_basic, minmay_temple_entry_arrows, uniq_duvessa
D:5:      layout_basic, grunt_temple_overflow_open, nicolae_ossuary_entry_plus,
          uniq_prince_ribbit1
D:6:      layout_basic, uniq_blork_the_orc, uniq_pikel
D:7:      layout_basic
D:8:      layout_basic, lemuel_tele_altar, uniq_erica, uniq_gastronok
D:9:      layout_gridville, minivault_16, minmay_quadrilaterals, uniq_maurice,
          uniq_psyche
D:10:     layout_basic, serial_aquarium, aquarium_bridge_square
          [aquarium_subvault_window, aquarium_subvault_window,
          aquarium_subvault_wall, aquarium_subvault_bridge], aquarium_window_1,
          aquarium_window_fake, aquarium_window_fake, aquarium_window_2,
          aquarium_view_2e, aquarium_view_2g, aquarium_pool_side,
          uniq_josephine, uniq_sonja, uniq_urug
D:11:     layout_gridville, lair_entry_dummy, gauntlet_entry_generic,
          nicolae_ru_awakened_eye, uniq_nergalle
Temple:   nicolae_temple_superstar
Lair:1:   beast_lair_carwin_large_4, layout_regular_city, lemuel_fruit_fields,
          uniq_joseph
Lair:2:   layout_long_grid, nicolae_volcano_entry_vermiform, basic_altar,
          hellmonk_guarded_unrand_zhor, uniq_amaemon

Skill      XL: |  1  2  3  4  5  6  7  8  9 10 11 12 13 |
---------------+----------------------------------------+-----
Fire Magic     | 4 7 8 11 12 | 12.0
Spellcasting   | 5 8 12 13 | 13.1
Poison Magic   | 1 6 |  6.0
Fighting       | 4 8 |  8.0
Dodging        | 6 8 |  8.0
Translocations | 5 6 |  6.0
Transmutations | 5 6 |  6.0
Conjurations   | 6 10 12 | 12.0
Stealth        | |  2.4

Action                   |  1- 3 |  4- 6 |  7- 9 | 10-12 | 13-15 || total
-------------------------+-------+-------+-------+-------+-------++-------
Melee: Short sword       |     5 |       |       |       |       ||     5
       Staff             |       |       |    10 |     6 |    33 ||    49
       Rapier            |       |       |       |       |    18 ||    18
       Punch             |       |       |       |       |     1 ||     1
 Cast: Foxfire           |    87 |   142 |    51 |    13 |     2 ||   295
       Conjure Flame     |       |       |    17 |    22 |     2 ||    41
       Scorch            |       |       |    15 |    41 |     8 ||    64
       Poisonous Vapours |       |       |    44 |    81 |    18 ||   143
       Ignite Poison     |       |       |    28 |    72 |    14 ||   114
       Olgreb's Toxic Ra |       |       |     7 |    26 |    11 ||    44
       Lesser Beckoning  |       |       |       |    11 |     2 ||    13
       Swiftness         |       |       |       |     1 |       ||     1
       Irradiate         |       |       |       |       |     7 ||     7
       Blink             |       |       |       |       |     1 ||     1
Invok: Call Merchant     |       |     1 |       |     1 |       ||     2
  Use: Scroll            |       |     5 |     6 |     7 |     2 ||    20
       Potion            |       |       |     1 |     6 |       ||     7
Armor: Robe              |    16 |     1 |     9 |    10 |     7 ||    43
       Animal skin       |       |       |       |       |     4 ||     4
Dodge: Dodged            |    33 |     5 |    52 |    84 |    80 ||   254
Block: Other             |       |     3 |    15 |     2 |       ||    20
       Reflection        |       |       |     3 |     1 |       ||     4
